 Dungeon Crawl Stone Soup version 0.27.0-1-g7a089689b8 (webtiles) character file.

Game seed: 9392174870786133419

21 magipi the Slasher (level 2, -3/23 HPs)
             Began as a Vampire Berserker on Aug 5, 2021.
             Was a Believer of Trog.
             Slain by a gnoll (5 damage)
             ... on level 2 of the Dungeon.
             The game lasted 00:03:50 (600 turns).

magipi the Slasher (Vampire Berserker)               Turns: 600, Time: 00:03:51

Health: -3/23      AC:  2    Str: 16    XL:     2   Next: 65%
Magic:  2/2        EV: 12    Int:  9    God:    Trog [**....]
Gold:   51         SH:  0    Dex: 13    Spells: 1/1 levels left

rFire    . . .     SeeInvis +   a - +0 falchion
rCold    . . .     Faith    .   (no shield)
rNeg     . . .     Spirit   .   b - +0 animal skin
rPois    .         Reflect  .   (no helmet)
rElec    .         Harm     .   (no cloak)
rCorr    .         Rampage  .   (no gloves)
Will     .....                  (no boots)
Stlth    +.........             (no amulet)
HPRegen  0.27/turn              (no ring)
MPRegen  0.08/turn              (no ring)

@: healing quickly
A: alive, fangs 3, see invisible, vampiric 1
a: Exsanguinate, Renounce Religion, Berserk, Trog's Hand


You were on level 2 of the Dungeon.
You worshipped Trog.
Trog was pleased with you.
You visited 1 branch of the dungeon, and saw 2 of its levels.

You collected 51 gold pieces.

Inventory:

Hand Weapons
 a - a +0 falchion (weapon)
Armour
 b - a +0 animal skin (worn)
Scrolls
 c - a scroll of immolation {unknown}
 e - a scroll of magic mapping {unknown}
 f - a scroll of enchant weapon {unknown}
Potions
 d - a potion of ambrosia {unknown}


   Skills:
 + Level 2.9 Fighting
 * Level 3.5 Long Blades
 + Level 1.9 Armour
 - Level 2.1 Dodging


You had one spell level left.
You didn't know any spells.
Your spell library was empty.

Dungeon Overview and Level Annotations

Branches:
Dungeon (2/15)

Altars:

Shops:
D:1 !


Innate Abilities, Weirdness & Mutations

Your natural rate of healing is accelerated.
You have razor-sharp teeth.
You have supernaturally acute eyesight. (SInv)
You are afflicted with vampirism.


Message History

The helpless kobold fails to defend itself.
You hit the kobold but do no damage. The kobold hits you but does no damage.
You hit the kobold.
You kill the kobold!
Trog accepts your kill.
No target in view!
Things that are here:
a +0 dagger; 5 stones You open the door.
There is an open door here.
A bat comes into view.
The bat closely misses you.
Found 19 gold pieces.
You hit the bat.
The bat is moderately wounded.
The bat barely misses you. The bat hits you but does no damage.
You hit the bat.
You kill the bat!
Trog accepts your kill.
A rat comes into view.
The rat barely misses you.
You closely miss the rat. The rat bites you but does no damage.
You barely miss the rat. The rat bites you but does no damage.
You barely miss the rat. The rat bites you but does no damage.
You slash the rat!
You kill the rat!
Trog accepts your kill.
You can now call upon Trog for regeneration and willpower.
No target in view!
No target in view!
You now have 51 gold pieces (gained 19).
Found a scroll labelled COFFOZA XILA.
A hobgoblin comes into view.
The hobgoblin shouts!
A gnoll comes into view. It is wielding a +0 halberd.
The hobgoblin moves out of view.
Found a stone staircase leading down.
Found a scroll labelled WOWEOWN JECU.
You completely miss the hobgoblin. The hobgoblin hits you. x2
You hit the hobgoblin but do no damage. The hobgoblin closely misses you.
You barely miss the hobgoblin. The hobgoblin hits you.
You hit the hobgoblin.
You kill the hobgoblin!
Trog accepts your kill.
No target in view!
f - a scroll labelled WOWEOWN JECU You start resting.
HP restored.
Found a whip.
As you open the door, it creaks loudly!
There is an open door here.
An adder comes into view.
The adder hisses angrily.
Unknown command.
The adder bites you.
You are poisoned.
The adder poisons you!
You feel sick.
You feel sick.
You feel sick.
You feel sick.
You are no longer poisoned.
The adder barely misses you.
You miss the adder. The adder barely misses you.
You closely miss the adder. The adder bites you but does no damage.
The adder closely misses you.
You barely miss the adder. The adder bites you.
You are poisoned.
The adder poisons you!
The gnoll shouts!
You hit the adder.
The adder is moderately wounded.
You feel sick. The adder bites you.
You are too injured to fight recklessly!
You are too injured to fight recklessly!
Unknown command.
You slash the adder!
The adder is almost dead.
You feel sick. The adder bites you. The adder misses you.
You riposte.
You barely miss the adder.
The adder is almost dead.
You hit the adder but do no damage.
The adder is almost dead.
You feel sick. The adder closely misses you.
You hit the adder but do no damage.
The adder is almost dead.
You feel sick. The adder misses you. The adder bites you.
You closely miss the adder.
The adder is almost dead.
You feel sick. The adder bites you.
* * * LOW HITPOINT WARNING * * *
Unknown command.
You slash the adder!
You kill the adder!
Trog accepts your kill.
You feel sick.
You are no longer poisoned.
The gnoll hits you from afar with a +0 halberd.
You die...

#.....#.......######.
#.....#..............
#.....#.............#
#...................#
#.........####......#
####......#..........
#.'......+..).......
#.#......#.......#..
######.#@.....#####...#..
#......†####### #...#..
#......g# ..... #.......#
....## #.......# ....#.
#.......+ ... #.
...........# #+###.
#..........# ......
#....###..... .....#


You could see a gnoll.

Vanquished Creatures
  An adder (D:2)
  4 bats
  2 endoplasms (D:1)
  2 giant cockroaches (D:1)
  2 goblins (D:1)
  2 hobgoblins
  2 kobolds
  2 ball pythons (D:1)
  4 rats
21 creatures vanquished.

Notes
Turn   | Place    | Note
-------+----------+-------------------------------------------
     0 | D:1      | magipi the Vampire Berserker began the quest for the Orb.
     0 | D:1      | Reached XP level 1. HP: 17/17 MP: 1/1
    75 | D:1      | Found Huiwav's Distillery.
   115 | D:1      | Reached XP level 2. HP: 20/23 MP: 2/2
   478 | D:2      | Reached ** piety under Trog
   600 | D:2      | Slain by a gnoll

Illustrated notes

Levels and vault maps discovered:
D:1:      sevenhm_arrival_forest_fort_small_3, layout_rooms, serial_shops,
          nicolae_shop_stone
D:2:      layout_basic, shapermc_ecumenical_altar_starsandcircs, st_stairs_4,
          kennysheep_generic_room_5

Action                   || total
-------------------------++-------
Melee: Falchion          ||    62
       Bite              ||     6
 Stab: Sleeping          ||     2
Armor: Animal skin       ||    16
Dodge: Dodged            ||    46
       Rpst.: Falchion   ||    13
